 Dungeon Crawl Stone Soup version 0.21.1-1-g345015fe64 (webtiles) character file.

417 LevaFresel the Bolt Thrower (level 7, -2/43 HPs)
             Began as a Kobold Hunter on June 5, 2018.
             Was an Initiate of Okawaru.
             Splashed by a jelly's acid (8 damage)
             ... on level 5 of the Dungeon.
             The game lasted 00:28:13 (5962 turns).

LevaFresel the Bolt Thrower (Kobold Hunter)         Turns: 5962, Time: 00:28:15

Health: -2/43      AC: -7    Str: 11    XL:     7   Next: 15%
Magic:  7/7        EV: 17    Int: 12    God:    Okawaru [......]
Gold:   282        SH:  0    Dex: 16    Spells: 6/6 levels left

rFire    . . .     SeeInvis .   b - +0 whip (venom)
rCold    . . .     Gourm    .   (shield restricted)
rNeg     + . .     Faith    .   c - +0 leather armour
rPois    .         Spirit   .   (no helmet)
rElec    .         Reflect  .   (no cloak)
rCorr    .         Harm     .   (no gloves)
MR       .....                  (no boots)
Stlth    ++........             (no amulet)
HPRegen  0.14/turn              j - +2 ring of protection
MPRegen  0.10/turn              o - ring of positive energy

@: corroded
A: small, carnivore
a: Renounce Religion


You were on level 5 of the Dungeon.
You worshipped Okawaru.
Okawaru was noncommittal.
You were not hungry.

You visited 1 branch of the dungeon, and saw 6 of its levels.

You collected 282 gold pieces.

Inventory:

Hand Weapons
 a - a +1 hand crossbow
 b - a +0 whip of venom (weapon)
 E - a +3 short sword
Missiles
 s - an exploding tomahawk (quivered)
Armour
 c - a +0 leather armour (worn)
 k - a +0 chain mail
 F - a +0 ring mail
Jewellery
 j - a +2 ring of protection (left hand)
 o - a ring of positive energy (right hand)
 z - an uncursed ring of protection from cold
Wands
 A - a wand of digging (8)
Scrolls
 g - 4 scrolls of remove curse
 m - 8 scrolls of teleportation {unknown}
 p - 2 scrolls of fog {unknown}
 t - 2 scrolls of blinking {unknown}
 u - 2 scrolls of random uselessness {unknown}
 v - a scroll of enchant armour {unknown}
 w - 2 scrolls of magic mapping {unknown}
 x - 2 scrolls of immolation {unknown}
 y - a scroll of fear {unknown}
 C - a scroll of noise {unknown}
Potions
 e - 2 potions of haste
 h - 2 potions of heal wounds {unknown}
 i - 2 potions of curing
 l - a potion of degeneration {unknown}
 q - 3 potions of brilliance {unknown}
 r - a potion of might {unknown}
 B - a potion of lignification {unknown}
 D - a potion of cancellation {unknown}
Books
 n - a book of Maledictions

   Spells                             Type                      Level
   a - Corona                         Hexes                        1
   b - Ensorcelled Hibernation        Hexes/Ice                    2
   c - Confuse                        Hexes                        3
   d - Tukima's Dance                 Hexes                        3
   e - Dazzling Spray                 Conjuration/Hexes            3
Comestibles
 f - 3 rations


   Skills:
 + Level 4.2 Fighting
 * Level 7.6 Crossbows
 + Level 4.7 Dodging
 - Level 1.3 Stealth


You had 6 spell levels left.
You didn't know any spells.

Dungeon Overview and Level Annotations

Branches:
Dungeon (6/15)
 Temple: D:4-7

Altars:
Ashenzari
Cheibriados
Elyvilon
Kikubaaqudgha
Nemelex Xobeh
Okawaru
Sif Muna
Vehumet

Annotations:
D:4 Pikel


Innate Abilities, Weirdness & Mutations

You are small and have problems with some larger weapons.
You are carnivorous and can eat meat at any time.


Message History

You hit the jelly but do no damage.
Your hands burn!
The jelly is heavily wounded.
The jelly misses you.
You hit the jelly.
Your hands burn!
The jelly is severely wounded.
The jelly hits you. The acid corrodes you!
You are splashed with acid!
The acid burns!
You hit the jelly but do no damage.
Your hands burn!
The jelly is severely wounded.
The jelly closely misses you.
You hit the jelly.
Your hands burn!
The jelly is almost dead.
The jelly completely misses you.
You hit the jelly but do no damage.
Your hands burn!
* * * LOW HITPOINT WARNING * * *
The jelly is almost dead.
The jelly hits you.
* * * LOW HITPOINT WARNING * * *
The acid corrodes you!
You are splashed with acid!
The acid burns!
You die...

#.## #.##...# .#########
#.##...############
.........###.##...............
..............................
..............................
..............................
..............................
...........)...............?..
................@J............
..............................
..............................
..........................(...
...............#####.......(.(
................## ###........
.................## #########
..............#...#######
............<###........##


You could see a jelly.

Vanquished Creatures
  4 slaves
  A bullfrog (D:5)
  2 orc wizards (D:5)
  An iguana (D:3)
  3 worker ants
  4 adders
  4 gnolls (D:2)
  A shadow imp (D:5)
  3 oozes
  An adder skeleton (D:4)
  A worm (D:2)
  3 dart slugs
  3 leopard geckos
  7 orcs
  16 bats
  3 giant cockroaches
  9 goblins
  5 hobgoblins
  6 jackals
  2 ball pythons (D:1)
  4 frilled lizards
  5 kobolds
  8 rats
96 creatures vanquished.

Notes
Turn   | Place    | Note
-------+----------+-------------------------------------------
     0 | D:1      | LevaFresel the Kobold Hunter began the quest for the Orb.
     0 | D:1      | Reached XP level 1. HP: 12/12 MP: 1/1
    64 | D:1      | Reached skill level 5 in Crossbows
   101 | D:2      | Reached XP level 2. HP: 9/18 MP: 2/2
   482 | D:1      | Reached XP level 3. HP: 22/22 MP: 3/3
  1308 | D:2      | Reached XP level 4. HP: 27/27 MP: 4/4
  1424 | D:2      | Reached skill level 6 in Crossbows
  1433 | D:2      | Reached XP level 5. HP: 6/32 MP: 5/5
  1972 | D:2      | Found a white marble altar of Elyvilon.
  2074 | D:2      | Found a radiant altar of Vehumet.
  2689 | D:3      | Found a snail-covered altar of Cheibriados.
  2927 | D:3      | Found an iron altar of Okawaru.
  2936 | D:3      | Became a worshipper of Warmaster Okawaru
  3045 | D:4      | Found a sparkling altar of Nemelex Xobeh.
  3123 | D:5      | Entered Level 5 of the Dungeon
  3123 | D:5      | Noticed Pikel
  3123 | D:5      | Noticed a slave
  3123 | D:5      | Noticed a slave
  3123 | D:5      | Noticed a slave
  3127 | D:5      | Noticed a slave
  3129 | D:4      | Reached XP level 6. HP: 37/37 MP: 6/6
  3226 | D:4      | Found an ancient bone altar of Kikubaaqudgha.
  3384 | D:4      | Found a deep blue altar of Sif Muna.
  3429 | D:5      | Reached skill level 7 in Crossbows
  3449 | D:6      | Noticed a phantom
  4114 | D:5      | Killed a slave
  4323 | D:4      | Killed a slave
  4331 | D:4      | Killed a slave
  4929 | D:5      | Found a shattered altar of Ashenzari.
  4977 | D:4      | Killed a slave
  5451 | D:5      | Reached XP level 7. HP: 13/43 MP: 7/7
  5962 | D:5      | Splashed by a jelly's acid

Skill      XL: |  1  2  3  4  5  6 |
---------------+-------------------+-----
Crossbows      | 5 6 7 |  7.6
Dodging        | 3 4 |  4.7
Fighting       | 3 4 |  4.2
Stealth        | |  1.3

Action                   |  1- 3 |  4- 6 |  7- 9 || total
-------------------------+-------+-------+-------++-------
Melee: Short sword       |    21 |    24 |       ||    45
       Whip              |       |    58 |    14 ||    72
 Fire: Hand crossbow     |    66 |   108 |     5 ||   179
Throw: Tomahawk          |       |     2 |       ||     2
  Use: Scroll            |       |     5 |       ||     5
       Potion            |       |     3 |     1 ||     4
  Eat: Ration            |       |     7 |       ||     7
       Chunk             |       |     2 |       ||     2
Armor: Leather armour    |    28 |    29 |     1 ||    58
Dodge: Dodged            |    72 |   111 |     8 ||   191
